Map: Backwater LE

Players

Honor - Winner!

  • Race: Protoss Protoss
  • League: Master
  • Spawn Location: 11:00

A.I. 1 (Elite)

  • Race: Zerg Zerg
  • Spawn Location: 5:00

VOD

Have the link to the VOD?

Description

Time

  • Played on: April 11, 2018, 7:09 a.m.
  • Length: 8:07
Show
View Real Time Build Order
Export as new Build Order

Honor Protoss - Winner!

Build Orders: 1 Gate Expand 

Get SALT Encoding   

  12  0:00  Probe  
  13  0:12  Probe  
  14  0:19  Pylon  
  14  0:25  Probe  
  15  0:37  Probe (Chrono Boost)  
  15  0:41  Gateway  
  16  0:49  Probe (Chrono Boost)  
  17  0:50  Assimilator  
  17  0:54  Probe (Chrono Boost)  
  18  1:03  Probe  
  19  1:26  Nexus  
  19  1:37  Cybernetics Core  
  19  1:40  Probe  
  20  1:47  Pylon  
  20  1:52  Probe  
  21  1:57  Assimilator  
  21  2:04  Probe  
  22  2:08  Adept (Chrono Boost)  
  24  2:16  Probe  
  25  2:22  Warp Gate (Chrono Boost)  
  25  2:26  Gateway  
  25  2:28  Probe  
  26  2:33  Stalker (Chrono Boost)  
  28  2:39  Probe  
  29  2:44  Probe  
  30  2:52  Probe  
  30  2:56  Probe, Sentry  
  34  3:03  Robotics Facility  
  34  3:06  Probe  
  35  3:15  Probe  
  35  3:16  Pylon  
  36  3:22  Gateway  
  36  3:25  Probe  
  37  3:27  Probe  
  38  3:37  Probe  
  38  3:39  Probe  
  38  3:40  Forge  
  40  3:44  Twilight Council  
  40  3:48  Assimilator  
  40  3:49  Probe  
  41  3:56  Immortal (Chrono Boost)  
  41  4:02  Sentry  
  47  4:04  Probe  
  48  4:11  Pylon  
  48  4:14  Protoss Ground Weapons Level 1  
  48  4:15  Pylon  
  48  4:20  Probe x2  
  48  4:21  Resonating Glaives  
  50  4:32  Probe x2  
  50  4:34  Immortal (Chrono Boost)  
  56  4:41  Adept  
  56  4:45  Probe  
  59  4:47  Pylon  
  59  5:03  Immortal (Chrono Boost)  
  59  5:06  Gateway  
  63  5:08  Gateway  
  63  5:09  Gateway  
  63  5:14  Gateway  
  63  5:22  Pylon  
  63  5:25  Pylon  
  63  5:31  Sentry  
  63  5:32  Sentry, Warp Prism (Chrono Boost)  
  63  5:35  Adept  
  71  5:43  Photon Cannon  
  71  5:46  Photon Cannon  
  71  5:58  Observer (Chrono Boost)  
  71  5:59  Pylon  
  71  6:03  Adept  
  74  6:04  Adept x2  
  74  6:06  Photon Cannon  
  74  6:08  Sentry  
  74  6:09  Sentry  
  82  6:29  Pylon  
  82  6:30  Pylon, Adept x3  
  82  6:31  Adept x2  
  92  6:33  Adept  
  94  6:52  Pylon  
  94  6:53  Pylon  
  94  6:58  Adept x5  
  94  7:00  Sentry x2  
  104  7:20  Adept x5  
  106  7:37  Adept  
  106  7:38  Adept  
  106  7:41  Adept x2  
  106  7:42  Adept x3  
Show
View Real Time Build Order
Export as new Build Order

A.I. 1 (Elite) Zerg 

Build Orders: Hatch First 

Get SALT Encoding   

  12  0:00  Drone  
  13  0:12  Overlord  
  13  0:16  Drone  
  14  0:30  Drone x2  
  14  0:34  Drone  
  17  0:53  Hatchery  
  17  0:55  Drone  
  17  1:12  Spawning Pool  
  17  1:13  Extractor  
  17  1:16  Drone  
  16  1:20  Drone  
  16  1:24  Drone  
  18  1:29  Drone  
  19  1:38  Overlord  
  19  1:49  Drone  
  20  1:59  Zergling x2  
  20  2:00  Queen  
  23  2:05  Drone  
  24  2:17  Queen  
  24  2:21  Drone  
  27  2:33  Roach Warren  
  27  2:34  Extractor  
  27  2:36  Drone  
  26  2:39  Drone  
  27  2:45  Overlord  
  27  2:48  Drone  
  28  2:52  Drone  
  28  2:55  Drone  
  31  2:58  Drone  
  31  3:01  Drone  
  31  3:05  Zergling x2  
  33  3:09  Zergling x2  
  34  3:13  Roach  
  34  3:17  Roach  
  38  3:21  Roach  
  38  3:25  Roach  
  38  3:27  Drone  
  43  3:30  Drone  
  44  3:35  Overlord  
  44  3:42  Lair  
  44  3:53  Drone x3  
  47  3:55  Overlord  
  47  3:58  Drone  
  47  4:00  Drone  
  49  4:03  Drone  
  49  4:04  Drone  
  49  4:07  Drone  
  52  4:13  Drone  
  52  4:14  Zergling x4  
  52  4:15  Zergling x2  
  56  4:20  Overlord  
  56  4:25  Roach  
  56  4:28  Roach  
  56  4:31  Overlord  
  60  4:38  Drone x2  
  60  4:43  Hydralisk Den, Drone  
  62  4:56  Overlord  
  62  5:00  Evolution Chamber  
  62  5:01  Drone  
  62  5:05  Evolution Chamber, Drone  
  62  5:06  Drone  
  63  5:08  Drone  
  63  5:11  Roach  
  63  5:13  Roach, Hydralisk  
  70  5:14  Hydralisk x3  
  70  5:15  Lurker Den  
  70  5:18  Overlord, Drone  
  76  5:23  Drone  
  76  5:25  Zerg Missile Weapons Level 1, Drone  
  76  5:27  Drone  
  79  5:30  Drone x2  
  79  5:31  Drone  
  79  5:33  Hydralisk  
  84  5:37  Overlord  
  84  5:41  Hydralisk  
  86  5:43  Metabolic Boost  
  86  5:49  Extractor  
  85  5:52  Extractor  
  85  5:53  Drone  
  85  5:56  Evolution Chamber, Drone  
  85  5:58  Zerg Melee Weapons Level 1  
  85  6:03  Hatchery  
  84  6:12  Drone x3  
  84  6:15  Drone  
  84  6:16  Overlord, Drone x2  
  84  6:17  Hydralisk  
  92  6:19  Hydralisk  
  92  6:21  Hydralisk  
  92  6:25  Hydralisk  
  97  6:29  Hydralisk  
  99  6:34  Overlord  
  99  6:51  Ravager  
  99  6:53  Roach  
  102  6:56  Roach, Overlord  
  102  6:57  Spine Crawler  
  102  6:58  Roach  
  105  7:02  Spine Crawler, Drone  
  105  7:04  Roach, Hydralisk  
  105  7:08  Roach  
  107  7:12  Zergling x2  
  107  7:14  Roach  
  86  7:15  Zergling x2  
  86  7:16  Zergling x2  
  86  7:17  Zergling x2, Roach  
  86  7:21  Hydralisk  
  77  7:24  Overseer  
  77  7:28  Hydralisk  
  70  7:35  Zergling x2  
  69  7:38  Zergling x2, Roach  
Tags
 
Add a new tag
Caveats
  • Supply blocks, unpowered buildings, or Contaminate may cause inaccurate times.
  • Supply counts are checked every 10 seconds.